 Dungeon Crawl Stone Soup version 0.21-a0-426-g98080a9 (webtiles) character file.

235 mastercheaf21 the Cudgeler (level 5, 0/48 HPs)
             Began as a Minotaur Berserker on Nov 6, 2017.
             Was a Believer of Trog.
             Succumbed to a worker ant's poison
             ... on level 4 of the Dungeon.
             The game lasted 00:13:38 (2936 turns).

mastercheaf21 the Cudgeler (Minotaur Berserker)     Turns: 2936, Time: 00:13:38

Health: 0/48       AC:  8    Str: 22    XL:     5   Next: 76%
Magic:  13/13      EV:  8    Int:  4    God:    Trog [**....]
Gold:   100        SH:  0    Dex: 10    Spells: 4/4 levels left

rFire    . . .     SeeInvis .   a - +0 mace
rCold    . . .     Gourm    .   (no shield)
rNeg     . . .     Faith    .   n - +0 chain mail
rPois    .         Spirit   .   (helmet restricted)
rElec    .         Reflect  .   (no cloak)
rCorr    +         Harm     .   (no gloves)
MR       .....                  (no boots)
Stlth    ..........             (no amulet)
HPRegen  0.16/turn              k - ring of resist corrosion
MPRegen  0.13/turn              t - ring of magical power

@: lethally poisoned (0 -> -13), berserk cooldown, slowed, very slow
A: retaliatory headbutt, horns 2
a: Berserk, Trog's Hand, Burn Spellbooks, Renounce Religion


You were on level 4 of the Dungeon.
You worshipped Trog.
Trog was pleased with you.
You were very hungry.

You visited 1 branch of the dungeon, and saw 4 of its levels.

You collected 100 gold pieces.

Inventory:

Hand Weapons
 a - a +0 mace (weapon)
 m - a +0 falchion
Missiles
 p - 6 tomahawks (quivered)
Armour
 b - a +0 animal skin
 j - a +0 leather armour
 n - a +0 chain mail (worn)
 x - a +0 buckler
Jewellery
 k - a ring of resist corrosion (left hand)
 t - a ring of magical power (right hand)
Scrolls
 d - 5 scrolls of remove curse {unknown}
 e - 4 scrolls of identify {unknown}
 r - 2 scrolls of magic mapping {unknown}
 s - 2 scrolls of teleportation {unknown}
 w - a scroll of recharging {unknown}
Potions
 g - a potion of might {unknown}
 h - 2 potions of heal wounds {unknown}
 l - 2 potions of mutation {unknown}
 q - a potion of flight {unknown}
 u - a potion of resistance {unknown}
 v - a potion of degeneration {unknown}
 z - a potion of invisibility {unknown}
 A - a potion of curing {unknown}
Comestibles
 c - 4 bread rations
 f - 2 royal jellies
 i - 2 meat rations


   Skills:
 + Level 5.2 Fighting
 * Level 6.8 Maces & Flails
 - Level 2.5 Armour
 - Level 2.2 Dodging


You had 4 spell levels left.
You didn't know any spells.

Dungeon Overview and Level Annotations

Branches:
Dungeon (4/15)
 Temple: D:4-7

Altars:
Gozag
Nemelex Xobeh
Sif Muna


Innate Abilities, Weirdness & Mutations

You reflexively headbutt those who attack you in melee.
You have a pair of horns on your head.


Message History

Trog accepts your kill.
You feel sick. The worker ant closely misses you.
Things that are here:
a whip; a halberd You barely miss the worker ant.
The worker ant bites you but does no damage.
The worker ant bites you.
* * * LOW HITPOINT WARNING * * *
You sock the worker ant! Your headbutt misses the worker ant.
The worker ant is heavily wounded.
* * * LOW HITPOINT WARNING * * *
You feel sick. The worker ant bites you.
* * * LOW HITPOINT WARNING * * *
You are more poisoned.
The worker ant poisons you! The worker ant barely misses you.
You furiously retaliate!
You headbutt the worker ant! You thump the worker ant!
You kill the worker ant!
Trog accepts your kill.
You die...

+....# #....#####
#....#...
#....#..##
#....#...#
#....#...#
#....#...####
#<.......#
#.#..$.#@#
#.#....#)#
...$.....h......#
#g#.#...........##
.........#.######
.......#..#.#
#.#.#.###..#.# #.
#..... #. #.#


You could see a hound.

Vanquished Creatures
  Jessica (D:3)
  Terence (D:2)
  A worker ant (D:4)
  6 adders
  4 gnolls (D:4)
  2 worms
  3 dart slugs
  3 leopard geckos
  5 orcs (D:3)
  4 bats
  3 giant cockroaches
  2 goblins (D:3)
  3 hobgoblins
  2 jackals (D:2)
  A quokka (D:3)
  2 ball pythons
  6 frilled lizards
  5 kobolds
  6 rats
  A plant (D:1)
61 creatures vanquished.

Notes
Turn   | Place    | Note
-------+----------+-------------------------------------------
     0 | D:1      | mastercheaf21 the Minotaur Berserker began the quest for the Orb.
     0 | D:1      | Reached XP level 1. HP: 19/19 MP: 0/0
   317 | D:1      | Reached skill level 4 in Maces & Flails
   317 | D:1      | Reached XP level 2. HP: 18/27 MP: 1/1
   639 | D:1      | Found a sparkling altar of Nemelex Xobeh.
   877 | D:2      | Reached XP level 3. HP: 30/33 MP: 2/2
  1077 | D:2      | Noticed Terence
  1090 | D:2      | Killed Terence
  1090 | D:2      | Reached skill level 5 in Maces & Flails
  1253 | D:2      | Reached ** piety under Trog
  1491 | D:2      | Reached XP level 4. HP: 39/41 MP: 3/3
  1700 | D:2      | Found an opulent altar of Gozag.
  2393 | D:3      | Reached skill level 6 in Maces & Flails
  2443 | D:3      | Reached XP level 5. HP: 41/47 MP: 4/4
  2534 | D:3      | Noticed Jessica
  2544 | D:3      | Killed Jessica
  2544 | D:3      | Reached skill level 5 in Fighting
  2561 | D:3      | Found a deep blue altar of Sif Muna.
  2935 | D:4      | HP: 2/48 [poisoned by a worker ant]
  2936 | D:4      | Succumbed to a worker ant's poison

Vault maps used:
D:1:      lightli_arrival_farm, minmay_misc_feat_plants, nemelex_altar_shiori
D:2:      grunt_gozag_statues, uniq_terence
D:3:      tgw_sif, first_bread
D:4:      minmay_temple_entry_water_ring, uniq_eustachio

Skill      XL: |  1  2  3  4  5 |
---------------+----------------+-----
Maces & Flails | 4 5 6 |  6.8
Fighting       | 4 5 |  5.2
Armour         | |  2.5
Dodging        | |  2.2

Action                   |  1- 3 |  4- 6 || total
-------------------------+-------+-------++-------
Melee: Mace              |    87 |    95 ||   182
       Headbutt          |    23 |    11 ||    34
Throw: Tomahawk          |       |     1 ||     1
Invok: Burn Spellbooks   |       |     1 ||     1
       Berserk           |       |     1 ||     1
  Eat: Chunk             |     1 |     5 ||     6
Armor: Animal skin       |    10 |       ||    10
       Leather armour    |    11 |       ||    11
       Chain mail        |     1 |    73 ||    74
Dodge: Dodged            |    47 |    67 ||   114

Table legend:
 A = Spawn XP
 B = Non-spawn XP
 C = Spawn XP percentage of total XP
 D = Spawn monster count
 E = Non-spawn monster count
 F = Spawn count percentage of total count
 G = Total turns spent on level
                    A         B        C        D         E        F      G
               +---------+---------+-------+---------+---------+-------+---------
         Total |       0 |     336 |   0.0 |       0 |      60 |   0.0 |  2936
               +---------+---------+-------+---------+---------+-------+---------
           D:1 |       0 |      18 |   0.0 |       0 |      10 |   0.0 |   826
           D:2 |       0 |     121 |   0.0 |       0 |      23 |   0.0 |  1015
           D:3 |       0 |     107 |   0.0 |       0 |      22 |   0.0 |  1060
           D:4 |       0 |      90 |   0.0 |       0 |       5 |   0.0 |    35
               +---------+---------+-------+---------+---------+-------+---------
